 Dungeon Crawl Stone Soup version 0.31-a0-845-g9abc20d24f (webtiles) character file.

Game seed: 12507672877526397506

42 Nedwor the Ducker (level 3, -1/29 HPs)
             Began as a Merfolk Gladiator on Oct 3, 2023.
             Slain by an orc wizard
             ... wielding a +0 dagger
              (3 damage)
             ... on level 2 of the Dungeon.
             The game lasted 00:01:19 (1613 turns).

Nedwor the Ducker (Merfolk Gladiator)               Turns: 1613, Time: 00:01:19

Health: -1/29      AC:  6    Str: 14    XL:     3   Next: 56%
Magic:  3/3        EV: 12    Int:  7    God:
Gold:   118        SH:  0    Dex: 17    Spells: 2/2 levels left

rFire   . . .        a - +0 long sword
rCold   . . .        (no shield)
rNeg    . . .        h - +0 ring mail
rPois   .            c - +0 helmet
rElec   .            (no cloak)
rCorr   .            (no gloves)
SInv    .            (no boots)
Will    .....        (no amulet)
Stlth   +            (no ring)
HPRegen 0.24/turn    (no ring)
MPRegen 0.08/turn

%: no passive effects
@: no status effects
A: (nimble swimmer 2), mertail
a: no special abilities


You were on level 2 of the Dungeon.
You visited 1 branch of the dungeon, and saw 3 of its levels.

You collected 118 gold pieces.

Inventory:

Hand Weapons
 a - a +0 long sword (weapon)
Missiles
 d - 3 throwing nets (quivered)
 e - a javelin
Armour
 b - a +0 leather armour
 c - a +0 helmet (worn)
 h - a +0 ring mail (worn)
Potions
 f - a potion of curing
 j - a potion of mutation
 l - a potion of haste {unknown}


   Skills:
 + Level 3.1 Fighting
 + Level 4.2 Long Blades
 - Level 2.0 Throwing
 + Level 4.7 Dodging


You had 2 spell levels left.
You didn't know any spells.
Your spell library contained the following spells:

 Spells                   Type           Power      Damage    Failure   Level
 Summon Small Mammal      Summ           0%         N/A       67%         1
 Blink                    Tloc           0%         N/A       82%         2
 Lesser Beckoning         Tloc           0%         N/A       82%         2
 Momentum Strike          Conj/Tloc      0%         3d8       82%         2
 Call Canine Familiar     Summ           0%         N/A       96%         3
 Summon Guardian Golem    Hex/Summ       0%         N/A       96%         3
 Manifold Assault         Tloc           0%         N/A       100%        4
 Dispersal                Tloc           0%         N/A       100%        6
 Disjunction              Tloc           0%         N/A       100%        8


Dungeon Overview and Level Annotations

Branches:
Dungeon (3/15)

Altars:

Shops:
D:2 (:


Innate Abilities, Weirdness & Mutations

((You are very nimble when in or above water. (Stealth+, EV+, Speed+++)))
Your lower body shifts to a powerful aquatic tail in water.


Message History

Something hits you but does no damage.
You slash the orc!
You kill the orc!
The orc barely misses you. Something hits you. The orc closely misses you.
Something hits you.
You hit the orc.
The orc is severely wounded.
Something hits you. The orc hits you but does no damage.
You slash the orc!
You kill the orc!
You hear some strange, mumbled words.
Something tries to affect you, but you resist.
No target in view!
No target in view!
You start resting.
Something hits you but does no damage.
You start resting.
You hear some strange, mumbled words.
A magic dart appears from out of thin air!
The magic dart hits you.
You closely miss something. Something hits you.
You closely miss something. Something hits you but does no damage.
You slash something!
Something hits you but does no damage. x2
You barely miss something. Something hits you.
You miss something.
You hear some strange, mumbled words.
You are confused.
You miss something. Something hits you. Something hits you but does no damage.
Things that are here:
a +0 flail; an orc corpse; a hobgoblin corpse You're too confused to move!
Something hits you.
You bump into the rock wall.
Something hits you.
You completely miss something.
You feel less confused.
You hear some strange, mumbled words.
A magic dart appears from out of thin air!
The magic dart hits you!
* * * LOW HITPOINT WARNING * * *
You hit something but do no damage. Something hits you.
You die...

#.##..................#.##.##...
##.#............##..####.##.##.##
...'............##.............##
####............#.............<..
#......#####...#.####.##.##.##
#......# #.............##.##
#####'## #.).#.......)......
######.######>{..............##
#.............@................
######.#######.......#.####..##
#.# #....####.####..##
#.#######....####.........
#.......................##
######..#...........##..##
#############..#...........###.##
...........................# #.##
####..##.......##...#....#####...


There were no monsters in sight!

Vanquished Creatures
  An adder (D:2)
  2 orcs (D:2)
  2 endoplasms
  4 goblins
  4 hobgoblins
  4 jackals (D:2)
  3 ball pythons
  3 bats
  3 frilled lizards
  3 rats (D:1)
29 creatures vanquished.

Notes
Turn   | Place    | Note
-------+----------+-------------------------------------------
     0 | D:1      | Nedwor the Merfolk Gladiator began the quest for the Orb.
     0 | D:1      | Reached XP level 1. HP: 16/16 MP: 1/1
   172 | D:1      | Reached XP level 2. HP: 23/23 MP: 2/2
   847 | D:2      | Reached XP level 3. HP: 27/28 MP: 3/3
   891 | D:2      | Found Uraokoih's Book Emporium.
  1207 | D:2      | Found Kivomen's Weapon Emporium.
  1612 | D:2      | HP: 1/29 [something/magic dart (9)]
  1613 | D:2      | Slain by an orc wizard

Illustrated notes

Levels and vault maps discovered:
D:1:      mrwooster_arrival_statue_3, layout_basic, grunt_decor_arrowhead
D:2:      layout_basic, serial_shops, nicolae_shop_crystal, shop,
          kennysheep_generic_room_16
D:3:      layout_basic, mainiacjoe_overflow_swirl, corner_web_ring

Skill      XL: |  1  2  3 |
---------------+----------+-----
Long Blades    | 4 |  4.2
Fighting       | 3 |  3.1
Throwing       | |  2.0
Dodging        | |  4.7

Action                     || total
---------------------------++-------
  Melee: Long sword        ||    81
    Use: Scroll            ||     4
 Armour: Leather armour    ||    22
         Ring mail         ||    33
  Dodge: Dodged            ||    62

Table legend: (Time is in decaauts)
 A = Elapsed time spent in this place.
 B = Non-inter-level travel time spent in this place.
 C = Inter-level travel time spent in this place.
 D = Time resting spent in this place.
 E = Time spent auto-exploring this place.
 F = Levels seen in this place.
 G = Mean time per level.
                   A        B        C        D        E       F      G
               +--------+--------+--------+--------+--------+-----+--------+
         Total |   1629 |   1586 |     43 |      0 |   1358 |   3 |  543.0 |
       Dungeon |   1629 |   1586 |     43 |      0 |   1358 |   3 |  543.0 |
               +--------+--------+--------+--------+--------+-----+--------+

Top non-repeatable levels by time:
     D:2: 875 daAuts
     D:1: 748 daAuts
     D:3: 6 daAuts
